AoeStats
← bumbsbomba74

Black Forest

510151373Analyzed
4v4 RM · 3d ago on Sep 29, 2026· 49m 26s· 8 players
Game mode
Random Map
Map size
Large (8 player)
Population
200
Speed
Normal
Resources
Standard
Victory
Conquest
Starting age
Dark Age
Ending age
Imperial Age
RankedLock teamsTeams togetherTeam positionsShared explorationLock speedFull tech treeHidden civsTurbo modeCheats
Victory
Defeat
🇩🇪 Goths · Germany
1233
+13
🇩🇪 Persians · Germany
1203
+14
🇩🇪 Britons · Germany
1187
+15
🇨🇳 Turks · China
1148
+17
🇱🇻 Italians · Latvia
1183
-16
🇪🇸 Ethiopians · Spain
1173
-15
🇩🇪 Burgundians · Germany
1154
-14
🇧🇾 Spanish · Belarus
1152
-14
Wospenzukh
0:35 Loom
12:30 Feudal Age
16:41 Castle Age
15:05 Double-Bit Axe
20:28 Bow Saw
20:07 Horse Collar
21:49 Wheelbarrow
21:56 Wheelbarrow
25:21 Heavy Plow
26:00 Town Watch
28:28 Hand Cart
29:03 Gold Mining
30:20 Sanctity
32:35 Imperial Age
31:13 Fletching
31:23 Padded Archer Armor
31:36 Scale Barding Armor
32:48 Fervor
33:39 Husbandry
33:50 Bloodlines
34:25 Conscription
33:49 Light Cavalry
35:22 Chain Barding Armor
34:58 Bodkin Arrow
35:26 Redemption
36:13 Elite Conquistador
38:36 Illumination
39:49 Supremacy
40:15 Inquisition
41:15 Cavalier
42:28 Block Printing
42:46 Leather Archer Armor
43:07 Plate Barding Armor
42:43 Forging
42:34 Bracer
44:16 Two-Man Saw
45:28 Hussar
47:40 Ring Archer Armor
DOM
3:37 Loom
10:45 Feudal Age
12:04 Double-Bit Axe
12:01 Horse Collar
14:01 Gold Mining
17:30 Castle Age
17:24 Fletching
18:06 Stone Mining
18:20 Padded Archer Armor
19:37 Wheelbarrow
19:45 Bow Saw
22:07 Gold Shaft Mining
21:21 Town Watch
23:44 Heavy Plow
24:30 Ballistics
24:11 Crossbowman
25:45 Hand Cart
26:22 Bodkin Arrow
29:49 Thumb Ring
31:29 Masonry
34:03 Imperial Age
32:18 Leather Archer Armor
33:06 Squires
34:28 Scale Mail Armor
35:44 Chemistry
35:09 Caravan
34:46 Arbalester
35:35 Bracer
40:57 Conscription
41:29 Architecture
41:46 Royal Heirs
46:53 Forging
46:59 Chain Mail Armor
47:43 Torsion Engines
48:41 Iron Casting
47:32 Halberdier
Duke Of Sudan
0:33 Loom
12:59 Feudal Age
17:58 Horse Collar
21:17 Double-Bit Axe
26:42 Castle Age
24:55 Fletching
26:35 Padded Archer Armor
27:09 Elite Skirmisher
29:18 Scale Barding Armor
29:24 Forging
31:36 Chain Barding Armor
32:06 Bloodlines
33:51 Husbandry
40:32 Thumb Ring
40:30 Bodkin Arrow
40:50 Leather Archer Armor
42:43 Heavy Plow
48:31 Imperial Age
46:27 Caravan
Dany Sahne
11:22 Feudal Age
9:45 Double-Bit Axe
9:41 Horse Collar
13:57 Loom
18:19 Bow Saw
20:16 Wheelbarrow
22:19 Castle Age
20:54 Heavy Plow
22:59 Forging
22:55 Scale Barding Armor
23:16 Light Cavalry
23:57 Husbandry
24:58 Chain Barding Armor
29:00 Cavalier
31:55 Town Watch
33:03 Caravan
34:05 Hand Cart
39:08 Imperial Age
38:07 Iron Casting
40:33 Plate Barding Armor
39:46 Capped Ram
41:59 Two-Man Saw
43:18 Chemistry
42:18 Paladin
44:25 Blast Furnace
43:16 Fletching
45:21 Padded Archer Armor
45:35 Town Patrol
46:08 Crop Rotation
45:29 Gold Mining
45:30 Stone Mining
46:12 Coinage
45:52 Guilds
48:21 Conscription
48:31 Bodkin Arrow
48:57 Elite Skirmisher
bumbsbomba74
9:37 Feudal Age
9:45 Man-at-Arms
10:21 Double-Bit Axe
18:50 Castle Age
16:45 Horse Collar
19:15 Fletching
20:13 Bow Saw
21:25 Bodkin Arrow
21:08 Crossbowman
22:39 Horse Collar
28:40 Wheelbarrow
28:09 Town Watch
33:35 Imperial Age
31:23 Stone Mining
31:24 Gold Mining
32:59 Gold Shaft Mining
32:29 Heavy Plow
33:21 Ballistics
33:03 Padded Archer Armor
33:33 Hand Cart
34:41 Conscription
34:25 Bracer
35:48 Chemistry
35:25 Capped Ram
37:01 Treadmill Crane
37:32 Masonry
38:03 Elite Longbowman
40:26 Leather Archer Armor
40:36 Scale Mail Armor
40:13 Pikeman
40:54 Squires
40:39 Gambesons
41:20 Halberdier
42:19 Chain Mail Armor
42:15 Forging
43:43 Two-Man Saw
43:29 Plate Mail Armor
45:35 Iron Casting
46:07 Ring Archer Armor
45:51 Arson
47:56 Blast Furnace
47:44 Siege Engineers
Fighthausen
3:25 Loom
10:34 Feudal Age
14:45 Castle Age
13:02 Double-Bit Axe
13:16 Horse Collar
15:08 Wheelbarrow
28:36 Imperial Age
26:10 Gold Mining
26:24 Heavy Plow
26:44 Hand Cart
26:16 Town Watch
26:57 Bow Saw
27:01 Scale Barding Armor
27:07 Forging
29:20 Chain Barding Armor
29:36 Iron Casting
28:56 Elite War Elephant
30:50 Conscription
31:14 Plate Barding Armor
31:21 Stone Mining
31:34 Husbandry
31:45 Bloodlines
31:48 Citadels
33:24 Blast Furnace
37:02 Cavalier
38:50 Savar
40:01 Caravan
46:45 Fletching
Tada
2:53 Loom
9:22 Feudal Age
10:58 Man-at-Arms
17:55 Scale Mail Armor
18:06 Forging
17:46 Horse Collar
20:14 Castle Age
19:01 Double-Bit Axe
21:20 Fletching
22:03 Heavy Plow
26:30 Squires
29:30 Wheelbarrow
29:15 Town Watch
29:55 Bow Saw
31:44 Hand Cart
35:17 Imperial Age
33:00 Pikeman
33:41 Padded Archer Armor
33:37 Bodkin Arrow
34:01 Chain Mail Armor
34:22 Iron Casting
34:55 Caravan
39:33 Blast Furnace
40:33 Conscription
40:54 Gold Mining
40:55 Stone Mining
42:24 Perfusion
42:11 Capped Ram
42:57 Halberdier
45:36 Two-Man Saw
46:01 Coinage
45:42 Guilds
48:54 Stone Shaft Mining
48:10 Long Swordsman
50:18 Chemistry
49:39 Ballistics
逆天小肥猪
10:45 Feudal Age
14:50 Castle Age
12:55 Double-Bit Axe
13:26 Horse Collar
15:15 Loom
21:59 Bow Saw
22:44 Heavy Plow
23:03 Stone Mining
29:46 Imperial Age
27:08 Treadmill Crane
28:27 Wheelbarrow
27:39 Town Watch
28:45 Gold Mining
29:35 Hand Cart
29:21 Fletching
29:32 Padded Archer Armor
29:55 Ballistics
31:38 Two-Man Saw
31:20 Gold Shaft Mining
31:16 Artillery
31:36 Conscription
31:36 Bodkin Arrow
31:57 Leather Archer Armor
32:31 Thumb Ring
32:51 Parthian Tactics
32:39 Bracer
33:50 Heavy Cavalry Archer
34:44 Bloodlines
34:36 Husbandry
35:09 Ring Archer Armor
34:44 Scale Barding Armor
34:49 Forging
36:14 Chain Barding Armor
37:55 Devotion
39:25 Plate Barding Armor
39:25 Iron Casting
39:03 Guilds
39:52 Bombard Tower
39:43 Masonry
41:34 Blast Furnace
41:14 Sipahi
41:26 Caravan
42:29 Architecture
Connection lost

Rejoining the realm…

Still unreachable

The connection could not be restored.

Session expired

The server has moved on; the page needs a fresh start.